 Dungeon Crawl Stone Soup version 0.22-a0-197-g4ac3794 (webtiles) character file.

8806 esteth the Martial Artist (level 11, -13/65 HPs)
             Began as a Vine Stalker Monk on Feb 17, 2018.
             Was an Elder of Wu Jian.
             Killed from afar by Erolcha (19 damage)
             ... with a bolt of cold
             ... on level 10 of the Dungeon.
             The game lasted 00:20:30 (8615 turns).

esteth the Martial Artist (Vine Stalker Monk)       Turns: 8615, Time: 00:20:30

Health: -13/65     AC: 12    Str: 17    XL:     11   Next: 36%
Magic:  0/12       EV: 12    Int: 10    God:    Wu Jian [****..]
Gold:   545        SH:  0    Dex: 17    Spells: 10/10 levels left

rFire    . . .     SeeInvis .     - Unarmed
rCold    . . .     Gourm    .   (no shield)
rNeg     . . .     Faith    .   k - +0 ring mail
rPois    .         Spirit   +   (no helmet)
rElec    .         Reflect  .   (no cloak)
rCorr    .         Harm     .   p - +1 pair of gloves
MR       ++...                  (no boots)
Stlth    +.........             (no amulet)
HPRegen  0.60/turn              D - ring of protection from magic
MPRegen  0.13/turn              r - +5 ring of protection

@: drained
A: fangs 3, regeneration 1, magic shield, antimagic bite, no potion heal 3, rot
immunity
a: Wall Jump, Serpent's Lash, Renounce Religion


You were on level 10 of the Dungeon.
You worshipped Wu Jian.
Wu Jian was greatly pleased with you.
You were not hungry.

You visited 2 branches of the dungeon, and saw 11 of its levels.

You collected 545 gold pieces.

Inventory:

Armour
 a - a +0 robe
 c - a +0 leather armour
 k - a +0 ring mail (worn)
 p - a +1 pair of gloves (worn)
Jewellery
 d - an uncursed ring of poison resistance
 r - a +5 ring of protection (right hand)
 x - an uncursed ring of positive energy
 D - a ring of protection from magic (left hand)
Wands
 H - a wand of polymorph (19)
Scrolls
 e - 2 scrolls of enchant weapon {unknown}
 f - a scroll of magic mapping {unknown}
 g - 2 scrolls of amnesia {unknown}
 j - 2 scrolls of fear {unknown}
 l - 7 scrolls of remove curse
 n - 2 scrolls of fog {unknown}
 o - 3 scrolls of identify
 v - 2 scrolls of enchant armour {unknown}
 C - a scroll of random uselessness {unknown}
 E - a scroll of brand weapon {unknown}
 G - a scroll of holy word {unknown}
 J - a scroll of blinking {unknown}
Potions
 h - 8 potions of curing
 i - 3 potions of heal wounds {unknown}
 m - a potion of mutation {unknown}
 q - 4 potions of degeneration {unknown}
 s - 2 potions of lignification {unknown}
 t - 2 potions of haste {unknown}
 u - 2 potions of berserk rage {unknown}
 w - a potion of brilliance
 z - 2 potions of agility
 B - a potion of resistance
 F - a potion of cancellation {unknown}
 I - 2 potions of might {unknown}
 L - a potion of magic {unknown}
Books
 y - a book of Misfortune

   Spells                             Type                      Level
   a - Confusing Touch                Hexes                        1
   b - Confuse                        Hexes                        3
   c - Gell's Gravitas                Translocation                3
   d - Petrify                        Transmutation/Earth          4
   e - Metabolic Englaciation         Hexes/Ice                    5
   f - Yara's Violent Unravelling     Hexes/Transmutation          5
 A - a book of Air

   Spells                             Type                      Level
   a - Shock                          Conjuration/Air              1
   b - Swiftness                      Charms/Air                   2
   c - Static Discharge               Conjuration/Air              3
   d - Airstrike                      Air                          4
   e - Lightning Bolt                 Conjuration/Air              5
Comestibles
 b - 19 rations


   Skills:
 - Level 11.1(10.3) Fighting
 + Level 2.1(1.5) Armour
 + Level 3.4(2.8) Dodging
 - Level 2.4(1.8) Stealth
 * Level 12.2(11.5) Unarmed Combat


You had 10 spell levels left.
You didn't know any spells.

Dungeon Overview and Level Annotations

Branches:
Dungeon (10/15)            Temple (1/1) D:4
   Lair: D:8-11         Orc: D:9-12

Altars:
Ashenzari
Cheibriados
Dithmenos
Elyvilon
Fedhas
Gozag
Hepliaklqana
Kikubaaqudgha
Makhleb
Nemelex Xobeh
Okawaru
Qazlal
Ru
Sif Muna
Trog
Uskayaw
Vehumet
Wu Jian
Xom
Yredelemnul
Zin
The Shining One

Annotations:
D:2 1 runed door
D:10 Erolcha


Innate Abilities, Weirdness & Mutations

You have razor-sharp teeth.
Your natural rate of healing is unusually fast.
When hurt, damage is shared between your health and your magic reserves.
Your bite disrupts and absorbs the magic of your enemies.
Potions cannot restore your health.
You are immune to rotting.


Message History

You bite Erolcha, but do no damage.
Erolcha is moderately wounded.
Erolcha hits you with a giant spiked club!!
* * * LOW HITPOINT WARNING * * *
You are too injured to fight recklessly!
You barely miss Erolcha. Your bite misses Erolcha.
Erolcha is moderately wounded.
Erolcha falters for a moment.
You barely miss Erolcha. You punch Erolcha! Your bite misses Erolcha.
Erolcha is heavily wounded.
Erolcha hits you with a giant spiked club!
* * * LOW HITPOINT WARNING * * *
You have no ailments to cure.
Okay, then.
Okay, then.
As you read the scroll labeled WEAPPUANUL, it crumbles to dust.
You feel blessed for a moment.
It was a scroll of remove curse.
Erolcha points at you and mumbles some strange words.
The bolt of cold hits you!
You die...

...# ...####
..########......
................
..............#
..............#
............O..#
...........@...#
...............#
...............#
...............#
.............>.#
...............#
...............#
...............#
...............#


You could see Erolcha.

Vanquished Creatures
  3 two-headed ogres
  Nergalle (D:9)
  Pikel (D:8)
  2 trolls
  6 yaks (D:6)
  2 steam dragons (D:6)
  2 hungry ghosts (D:7)
  Menkaure (D:7)
  2 water moccasins (D:6)
  A slave (D:8)
  3 ice beasts
  A black bear (D:7)
  2 phantoms
  5 sky beasts
  A necrophage (D:9)
  A centaur (D:4)
  4 ogres
  A crocodile (D:10)
  A big kobold (D:9)
  6 bullfrogs
  2 scorpions (D:5)
  8 killer bees
  4 howler monkeys
  4 crimson imps
  A centaur zombie (D:5)
  2 orc priests (D:7)
  3 hounds
  A centaur skeleton (D:7)
  5 jellies
  2 orc wizards
  4 iguanas
  6 worker ants
  3 gnolls (D:2)
  A howler monkey skeleton (D:6)
  14 adders
  A shadow imp (D:6)
  An ooze (D:3)
  An adder skeleton (D:5)
  An adder zombie (D:8)
  3 worms
  A dart slug (D:3)
  4 leopard geckos
  26 orcs
  7 bats
  5 giant cockroaches
  8 goblins
  7 hobgoblins
  2 jackals (D:3)
  19 kobolds
  A quokka (D:5)
  2 ball pythons
  8 frilled lizards
  A jackal zombie (D:6)
  A quokka zombie (D:8)
  8 rats
213 creatures vanquished.

Vanquished Creatures (others)
  A slave (D:8)
1 creature vanquished.

Grand Total: 214 creatures vanquished

Notes
Turn   | Place    | Note
-------+----------+-------------------------------------------
     0 | D:1      | esteth the Vine Stalker Monk began the quest for the Orb.
     0 | D:1      | Reached XP level 1. HP: 11/11 MP: 2/2
   228 | D:1      | Reached XP level 2. HP: 15/16 MP: 1/3
   600 | D:1      | Reached skill level 4 in Unarmed Combat
  1073 | D:2      | Reached XP level 3. HP: 19/19 MP: 4/4
  1199 | D:2      | Gained mutation: Your natural rate of healing is unusually fast. [Vine Stalker growth]
  1199 | D:2      | Reached XP level 4. HP: 6/23 MP: 5/5
  1260 | D:2      | Found a runed door.
  1462 | D:2      | Reached skill level 5 in Unarmed Combat
  1481 | D:2      | HP: 1/23 [gnoll/enchanted halberd (7)]
  1827 | D:2      | Reached XP level 5. HP: 27/27 MP: 6/6
  2333 | D:3      | Found a glowing golden altar of the Shining One.
  2435 | D:3      | Reached skill level 6 in Unarmed Combat
  2633 | D:3      | Found a snail-covered altar of Cheibriados.
  3023 | D:4      | Reached XP level 6. HP: 27/32 MP: 7/7
  3055 | D:4      | Reached skill level 7 in Unarmed Combat
  3149 | D:4      | Noticed a phantom
  3185 | D:4      | Killed a phantom
  3185 | D:4      | Reached XP level 7. HP: 35/35 MP: 6/8
  3322 | D:4      | Noticed a dagger
  3323 | D:4      | Noticed a hand axe
  3326 | D:4      | Found a hide-covered altar of Uskayaw.
  3496 | D:4      | Found a staircase to the Ecumenical Temple.
  3502 | Temple   | Entered the Ecumenical Temple
  3555 | Temple   | Became a worshipper of the Wu Jian Council
  3555 | Temple   | Reached * piety under Wu Jian
  3555 | Temple   | Reached ** piety under Wu Jian
  3755 | D:5      | Entered Level 5 of the Dungeon
  3767 | D:5      | Reached skill level 8 in Unarmed Combat
  3856 | D:5      | Reached skill level 9 in Unarmed Combat
  4041 | D:5      | Gained mutation: You have razor-sharp teeth. [Vine Stalker growth]
  4041 | D:5      | Reached XP level 8. HP: 38/39 MP: 7/9
  4290 | D:5      | Reached skill level 10 in Unarmed Combat
  4523 | D:5      | Found a shimmering altar of Xom.
  4525 | D:5      | Found a hazy altar of Hepliaklqana.
  4525 | D:5      | Found a radiant altar of Vehumet.
  4527 | D:5      | Found a shimmering altar of Xom.
  4527 | D:5      | Found a shattered altar of Ashenzari.
  4527 | D:5      | Found a shimmering altar of Xom.
  5022 | D:6      | Reached skill level 11 in Unarmed Combat
  5112 | D:6      | Reached XP level 9. HP: 39/43 MP: 8/10
  5152 | D:6      | Reached *** piety under Wu Jian
  5220 | D:6      | Reached skill level 5 in Fighting
  5397 | D:6      | Found a basalt altar of Yredelemnul.
  5397 | D:6      | Found a white marble altar of Elyvilon.
  5403 | D:6      | Found a shimmering altar of Xom.
  5405 | D:6      | Found a sacrificial altar of Ru.
  5406 | D:6      | Found a bloodstained altar of Trog.
  5761 | D:7      | Noticed Menkaure
  5765 | D:7      | Killed Menkaure
  5853 | D:7      | Found a sparkling altar of Nemelex Xobeh.
  5858 | D:7      | Reached XP level 10. HP: 53/55 MP: 11/11
  5966 | D:7      | Found an ornate altar of the Wu Jian Council.
  6757 | D:8      | Noticed Pikel
  6778 | D:8      | Killed Pikel
  7002 | D:8      | Found a shadowy altar of Dithmenos.
  7118 | D:8      | Noticed a two-headed ogre
  7184 | D:8      | Killed a two-headed ogre
  7184 | D:8      | Reached skill level 10 in Fighting
  7390 | D:9      | Noticed a two-headed ogre
  7400 | D:9      | Killed a two-headed ogre
  7400 | D:9      | Reached XP level 11. HP: 50/65 MP: 12/12
  7546 | D:9      | Reached **** piety under Wu Jian
  7582 | D:9      | Found a hazy altar of Hepliaklqana.
  7714 | D:9      | Reached skill level 1 in Armour
  7910 | D:9      | Found an ancient bone altar of Kikubaaqudgha.
  7911 | D:9      | Found a radiant altar of Vehumet.
  7913 | D:9      | Found a stormy altar of Qazlal.
  7913 | D:9      | Found a burning altar of Makhleb.
  8124 | D:10     | Entered Level 10 of the Dungeon
  8124 | D:10     | Noticed Nergalle
  8126 | D:10     | Noticed a two-headed ogre
  8249 | D:9      | HP: 3/65 [two-headed ogre/giant club (12)]
  8362 | D:9      | Killed a two-headed ogre
  8362 | D:9      | Reached skill level 12 in Unarmed Combat
  8475 | D:10     | Noticed a spectral orc warlord
  8505 | D:9      | Killed Nergalle
  8604 | D:10     | Noticed Erolcha
  8615 | D:10     | Killed from afar by Erolcha

Vault maps used:
D:1:      dpeg_arrival_tiny_i, minmay_tiny_reverse_x
D:2:      lexackson_kobold_supper, uniq_crazy_yiuf_cottage
D:3:      kennysheep_slug_shrine, tso_metal_star, first_ration,
          kennysheep_minor_cross
D:4:      dancing_weapons_uskayaw, minmay_temple_entry_enclosed_plants,
          lemuel_another_geyser
D:5:      doesnt_xom_only_xom
D:6:      cheibrodos_steamvent, chequers_temple_overflow_minitemple,
          minivault_23
D:7:      hangedman_feature_mirror, uniq_menkaure
D:8:      basic_altar, uniq_pikel
D:9:      kennysheep_mini, chequers_temple_overflow_statue_of_worship
D:10:     serial_shops, shop, uniq_nergalle, uniq_erolcha
Temple:   compressed_dpeg_triangle_lava_temple

Skill      XL: |  1  2  3  4  5  6  7  8  9 10 11 |
---------------+----------------------------------+-----
Unarmed Combat | 4 5 6 7 9 11 12 | 12.2
Fighting       | 7 11 | 11.1
Armour         | 2 |  2.1
Dodging        | 3 |  3.4
Stealth        | |  2.4

Action                   |  1- 3 |  4- 6 |  7- 9 | 10-12 || total
-------------------------+-------+-------+-------+-------++-------
Melee: Unarmed           |    79 |   223 |   240 |   241 ||   783
       Bite              |    21 |    50 |    86 |    89 ||   246
       Punch             |     1 |     9 |    16 |    20 ||    46
Invok: Lunge             |       |       |    16 |    15 ||    31
       Whirlwind         |       |       |    12 |     5 ||    17
       Wall Jump         |       |       |     1 |     2 ||     3
  Use: Scroll            |     1 |       |       |     4 ||     5
       Potion            |     2 |     1 |       |     1 ||     4
 Stab: Sleeping          |     6 |     2 |     8 |     2 ||    18
       Distracted        |       |     1 |       |     1 ||     2
  Eat: Chunk             |     1 |     6 |     5 |    12 ||    24
       Ration            |       |       |     1 |       ||     1
Armor: Robe              |     8 |       |       |       ||     8
       Leather armour    |    15 |     3 |       |       ||    18
       Ring mail         |       |    69 |    59 |    72 ||   200
Dodge: Dodged            |    81 |   117 |    89 |   141 ||   428

Table legend:
 A = Spawn XP
 B = Non-spawn XP
 C = Spawn XP percentage of total XP
 D = Spawn monster count
 E = Non-spawn monster count
 F = Spawn count percentage of total count
 G = Total turns spent on level
                    A         B        C        D         E        F      G
               +---------+---------+-------+---------+---------+-------+---------
         Total |       0 |   12580 |   0.0 |       0 |     212 |   0.0 |  8615
               +---------+---------+-------+---------+---------+-------+---------
           D:1 |       0 |      31 |   0.0 |       0 |      17 |   0.0 |  1056
           D:2 |       0 |     177 |   0.0 |       0 |      39 |   0.0 |  1215
           D:3 |       0 |      65 |   0.0 |       0 |      21 |   0.0 |   689
           D:4 |       0 |     400 |   0.0 |       0 |      14 |   0.0 |   676
           D:5 |       0 |    1002 |   0.0 |       0 |      28 |   0.0 |  1141
           D:6 |       0 |    2667 |   0.0 |       0 |      28 |   0.0 |   812
           D:7 |       0 |    1087 |   0.0 |       0 |      13 |   0.0 |   816
           D:8 |       0 |    2827 |   0.0 |       0 |      20 |   0.0 |   843
           D:9 |       0 |    4080 |   0.0 |       0 |      28 |   0.0 |  1191
          D:10 |       0 |     244 |   0.0 |       0 |       4 |   0.0 |    57
               +---------+---------+-------+---------+---------+-------+---------
